 Dungeon Crawl Stone Soup version 0.28.0 (webtiles) character file.

Game seed: 6185193636187703477

14 browni3141 the Skirmisher (level 2, 0/40 HPs)
             Began as a Minotaur Berserker on Feb 15, 2022.
             Was a Follower of Trog.
             Slain by a jackal (2 damage)
             ... on level 1 of the Dungeon.
             The game lasted 00:00:08 (332 turns).

browni3141 the Skirmisher (Minotaur Berserker)       Turns: 332, Time: 00:00:09

Health: 0/40       AC:  2    Str: 21    XL:     2   Next: 27%
Magic:  1/1        EV: 12    Int:  4    God:    Trog [*.....]
Gold:   0          SH:  0    Dex:  9    Spells: 1/1 levels left

rFire   . . .      SeeInvis .   a - +0 hand axe
rCold   . . .      Faith    .   (no shield)
rNeg    . . .      Spirit   .   b - +0 animal skin
rPois   .          Reflect  .   (helmet restricted)
rElec   .          Harm     .   (no cloak)
rCorr   .          Rampage  .   (no gloves)
Will    .....                   (no boots)
Stlth   ..........              (no amulet)
HPRegen 0.13/turn               (no ring)
MPRegen 0.07/turn               (no ring)

@: berserking (expiring), very quick
A: horns 2, retaliatory headbutt
a: Renounce Religion, Berserk


You were on level 1 of the Dungeon.
You worshipped Trog.
Trog was aware of your devotion.
You visited 1 branch of the dungeon, and saw 1 of its levels.

Inventory:

Hand Weapons
 a - a +0 hand axe (weapon)
Armour
 b - a +0 animal skin (worn)
Potions
 c - a potion of invisibility {unknown}


   Skills:
 + Level 3.9 Fighting
 + Level 3.9 Axes
 + Level 2.8 Armour
 + Level 2.5 Dodging


You had one spell level left.
You didn't know any spells.
Your spell library was empty.

Dungeon Overview and Level Annotations

Branches:
Dungeon (1/15)

Altars:


Innate Abilities, Weirdness & Mutations

You have a pair of horns on your head.
You reflexively headbutt those who attack you in melee.


Message History

You are too injured to fight recklessly!
You closely miss the kobold. The kobold completely misses you.
You are too injured to fight recklessly!
You slash the kobold!
You kill the kobold!
Trog accepts your kill.
Found a leather armour.
The jackal barks!
The endoplasm quivers.
A goblin comes into view. It is wielding a +0 club.
You see here a +0 short sword.
You are too injured to fight recklessly!
There are monsters nearby!
You are too injured to fight recklessly!
You barely miss the endoplasm. You headbutt the endoplasm.
You kill the endoplasm!
Trog accepts your kill.
A jackal comes into view.
A jackal comes into view.
The jackal barks! x2
Found a scroll labelled HYAPLE DYAQUS.
You feel a strong urge to attack something.
The jackal misses you.
You are too injured to fight recklessly!
You are too injured to fight recklessly!
You are too injured to fight recklessly!
You are too injured to fight recklessly!
You are too injured to fight recklessly!
Found a silvery potion and a scroll labelled JOURI SOTO DYE.
The jackal misses you. You furiously retaliate!
You headbutt the jackal!
You kill the jackal!
Trog accepts your kill. The jackal bites you.
* * * LOW HITPOINT WARNING * * *
The jackal barely misses you.
You closely miss the jackal. You hit the goblin. You slash the jackal!
You kill the jackal!
Trog accepts your kill. The jackal bites you.
You die...

...# #.# # .....#
##.#####.##
......###..........
.. #..##..........
#.##...#..........
##(!....##'#####+##
.?! #.)..........
#g##.#..........
#.@..#..........
#...h†..#..........
...[....###..........
....(...# #########.#
........# .#
?......## ####...
#...


You could see a jackal and a goblin.

Vanquished Creatures
  4 endoplasms (D:1)
  A giant cockroach (D:1)
  A goblin (D:1)
  A hobgoblin (D:1)
  2 jackals (D:1)
  A kobold (D:1)
  A quokka (D:1)
11 creatures vanquished.

Notes
Turn   | Place    | Note
-------+----------+-------------------------------------------
     0 | D:1      | browni3141 the Minotaur Berserker began the quest for the
                  | Orb.
     0 | D:1      | Reached XP level 1. HP: 19/19 MP: 0/0
   325 | D:1      | Reached XP level 2. HP: 3/27 MP: 1/1
   331 | D:1      | HP: 2/40 [jackal (1)]
   332 | D:1      | Slain by a jackal

Illustrated notes

Levels and vault maps discovered:
D:1:      minmay_arrival_widening_spiral_wide, layout_basic,
          nicolae_ecumenical_lake_church, minmay_tetromino_o4

Action                   || total
-------------------------++-------
Melee: Hand axe          ||    18
       Headbutt          ||     2
Invok: Berserk           ||     1
Armor: Animal skin       ||     1
Dodge: Dodged            ||    11
